 Dungeon Crawl Stone Soup version 0.30-a0-782-ge64f9170bb (webtiles) character file.

Game seed: 5621184503797380980

2723603 wpisznazwe the Merry Frog (level 27, 249/249 HPs)
             Began as a Barachi Hunter on Feb 18, 2023.
             Was the Champion of Fedhas.
             Escaped with the Orb
             ... and 5 runes on Feb 21, 2023!
             The game lasted 07:53:19 (91579 turns).

wpisznazwe the Merry Frog (Barachi Hunter)         Turns: 91579, Time: 07:53:19

Health: 249/249    AC: 30    Str: 15    XL:     27
Magic:  6/12       EV: 42    Int: 14    God:    Fedhas [******]
Gold:   3660       SH:  0    Dex: 33    Spells: 4/37 levels left

rFire   + + +      SeeInvis +    a - +6 arbalest "Demonslayer" {antimagic, rCorr Int+2}
rCold   + + .      Faith    .    (shield currently unavailable)
rNeg    . . .      Spirit   .    B - +4 troll leather armour of Midsummer {rF+ Will+ Regen+ Dex+3 Stlth+}
rPois   +          Reflect  .    t - +3 crown of Dyrovepreva {rElec Int+2 SInv}
rElec   +          Harm     .    i - +4 dragonskin cloak
rCorr   +          Rampage  .    C - +2 pair of gloves
Will    +++..                    N - +1 pair of boots of Midsummer {Contam Fly rElec rC+}
Stlth   +                        U - amulet of regeneration
HPRegen 2.21/turn                S - ring of Esutagh {Contam rElec rF+ rC+ Str+5}
MPRegen 0.13/turn                l - ring of Ohoely {+Blink rPois AC+4 Str-4 Slay+5}

@: unable to hop, flying, studying 5 skills, slow
A: amphibious, slowness 1, strong legs 2, +LOS, agile 1, fire resistance 1
0: Orb of Zot
}: 5/15 runes: decaying, serpentine, slimy, silver, abyssal
a: Hop, Renounce Religion, Evoke Blink, Wall of Briars, Grow Ballistomycete,
Overgrow, Grow Oklob


You escaped.
You worshipped Fedhas.
Fedhas was exalted by your worship.
You visited 13 branches of the dungeon, and saw 57 of its levels.
You visited the Abyss 3 times.
You visited 1 ziggurat, and saw 16 of its levels.
You also visited: Bailey, Gauntlet, Ice Cave and Desolation.

You collected 10951 gold pieces.
You spent 7291 gold pieces at shops.

Inventory:

Hand Weapons
 a - the +6 arbalest "Demonslayer" (weapon) {antimagic, rCorr Int+2}
   (You found it on level 3 of the Elven Halls)

   Int:       It affects your intelligence (+2).
   rCorr:     It protects you from acid and corrosion.
 b - the +3 arbalest "Rinnag" {flame, rElec rC+ Int-3}
   (You found it on level 13 of the Dungeon)

   Int:       It affects your intelligence (-3).
   rC:        It protects you from cold.
   rElec:     It insulates you from electricity.
 h - a +5 longbow
 P - the +11 Singing Sword {sonic wave}
   (You found it on level 12 of a ziggurat)
Missiles
 J - 6 throwing nets
Armour
 i - the +4 dragonskin cloak (worn)
   (You took it off Tiamat on level 4 of the Realm of Zot)

   Avatar's Aegis: It grants the wearer a chance to resist fire, cold, poison,
   electricity, acid, and negative energy.
 t - the +3 crown of Dyrovepreva (worn) {rElec Int+2 SInv}
   (You acquired it on level 3 of the Elven Halls)

   Int:       It affects your intelligence (+2).
   rElec:     It insulates you from electricity.
   SInv:      It lets you see invisible.
 B - the +4 troll leather armour of Midsummer (worn) {rF+ Will+ Regen+ Dex+3 Stlth+}
   (You took it off a deep elf annihilator on level 3 of the Elven Halls)

   Dex:       It affects your dexterity (+3).
   rF:        It protects you from fire.
   Regen:     It increases your rate of health regeneration.
   Will:      It increases your willpower.
   Stlth:     It makes you more stealthy.
 C - a +2 pair of gloves (worn)
 N - the +1 pair of boots of Midsummer (worn) {Contam Fly rElec rC+}
   (You found it on level 1 of the Crypt)

   rC:        It protects you from cold.
   rElec:     It insulates you from electricity.
   Fly:       It grants you flight.
   Contam:    It causes magical contamination when unequipped.
Jewellery
 l - the ring of Ohoely (right hand) {+Blink rPois AC+4 Str-4 Slay+5}
   (You acquired it on level 3 of the Dungeon)

   [ring of protection]

   AC:        It affects your AC (+4).
   Str:       It affects your strength (-4).
   Slay:      It affects your accuracy & damage with ranged weapons and melee
   (+5).
   rPois:     It protects you from poison.
   +Blink:    It lets you blink.
 M - the ring of Okawaru, Bespelling {rN+ Dex+6}
   (You took it off a deep elf high priest on level 5 of the Vaults)

   [ring of dexterity]

   Dex:       It affects your dexterity (+6).
   rN:        It protects you from negative energy.
 R - the ring "Nusch" {rF+ MP+9 Slay+5}
   (You found it on level 11 of a ziggurat)

   [ring of magical power]

   Slay:      It affects your accuracy & damage with ranged weapons and melee
   (+5).
   rF:        It protects you from fire.
   MP:        It affects your magic capacity (+9).
 S - the ring of Esutagh (left hand) {Contam rElec rF+ rC+ Str+5}
   (You found it on level 15 of a ziggurat)

   [ring of protection from cold]

   Str:       It affects your strength (+5).
   rF:        It protects you from fire.
   rC:        It protects you from cold.
   rElec:     It insulates you from electricity.
   Contam:    It causes magical contamination when unequipped.
 U - an amulet of regeneration (around neck)
 X - the ring of Hyupn {rElec rN+ Int+7 Dex+2}
   (You found it on level 3 of the Crypt)

   [ring of positive energy]

   Int:       It affects your intelligence (+7).
   Dex:       It affects your dexterity (+2).
   rElec:     It insulates you from electricity.
   rN:        It protects you from negative energy.
Wands
 k - a wand of paralysis (72)
 p - a wand of iceblast (46)
 w - a wand of acid (48)
 y - a wand of mindburst (10)
 I - a wand of flame (93)
 T - a wand of polymorph (36)
Scrolls
 c - 13 scrolls of fear
 f - 7 scrolls of poison
 m - 9 scrolls of magic mapping
 n - 10 scrolls of teleportation
 o - 17 scrolls of fog
 q - 10 scrolls of blinking
 E - 4 scrolls of summoning
 F - 3 scrolls of silence
 L - 20 scrolls of immolation
Potions
 d - a potion of heal wounds
 e - 7 potions of haste
 g - 9 potions of lignification
 r - 2 potions of might
 s - 3 potions of invisibility
 A - 29 potions of curing
 H - 15 potions of attraction
 K - 4 potions of resistance
 O - 4 potions of cancellation
 W - 6 potions of berserk rage
Miscellaneous
 j - a box of beasts
 u - a tin of tremorstones (2/2)
 x - a lightning rod (4/4)
 D - a condenser vane
 G - a phantom mirror
 V - the horn of Geryon
 Y - a piece from Xom's chessboard (15/15)


   Skills:
 O Level 27 Fighting
 + Level 0.3(4.9) Short Blades
 + Level 8.8 Long Blades
 O Level 27 Ranged Weapons
 + Level 0.6 Throwing
 + Level 18.3 Armour
 + Level 24.2 Dodging
 - Level 0.8 Stealth
 + Level 5.5 Spellcasting
 + Level 13.7 Hexes
 + Level 15.8 Summonings
 * Level 9.4 Necromancy
 + Level 2.3 Translocations
 * Level 9.6 Transmutations
 + Level 15.0 Ice Magic
 + Level 2.8 Air Magic
 + Level 5.8 Earth Magic
 * Level 20.4 Invocations
 + Level 18.5 Evocations


You had 4 spell levels left.
You knew the following spells:

 Your Spells              Type           Power      Damage    Failure   Level
a - Summon Lightning Spi  Summ/Air       30%        N/A       4%          4
b - Confusing Touch       Hex            42%        N/A       1%          3
c - Passwall              Tmut/Erth      20%        N/A       1%          2
d - Monstrous Menagerie   Summ           24%        N/A       24%         7
e - Summon Forest         Summ/Tloc      14%        N/A       12%         5
f - Summon Hydra          Summ           24%        N/A       24%         7
g - Call Imp              Summ           48%        N/A       1%          2
h - Swiftness             Air            11%        N/A       17%         3

Your spell library contained the following spells:

 Spells                   Type           Power      Damage    Failure   Level
 Beastly Appendage        Tmut           60%        N/A       1%          1
 Freeze                   Ice            100%       1d10      1%          1
 Necrotise                Necr           100%       1d9       1%          1
 Sandblast                Erth           40%        2d10      1%          1
 Slow                     Hex            100%       N/A       1%          1
 Summon Small Mammal      Summ           100%       N/A       1%          1
 Ensorcelled Hibernation  Hex/Ice        88%        N/A       1%          2
 Sublimation of Blood     Necr           30%        N/A       1%          2
 Wereblood                Tmut           30%        N/A       1%          2
 Call Canine Familiar     Summ           48%        N/A       1%          3
 Frozen Ramparts          Ice            92%        1d14      1%          3
 Portal Projectile        Hex/Tloc       52%        N/A       1%          3
 Summon Guardian Golem    Hex/Summ       45%        N/A       1%          3
 Vampiric Draining        Necr           30%        2d8       1%          3
 Anguish                  Hex/Necr       18%        N/A       1%          4
 Ice Form                 Ice/Tmut       38%        N/A       1%          4
 Summon Ice Beast         Ice/Summ       47%        N/A       1%          4
 Sting                    Tmut/Pois      68%        1d6       2%          1
 Hailstorm                Conj/Ice       24%        3d7       2%          3
 Animate Armour           Summ/Erth      68%        N/A       2%          4
 Dazzling Flash           Conj/Hex       46%        N/A       3%          3
 Inner Flame              Hex/Fire       23%        N/A       3%          3
 Animate Dead             Necr           30%        N/A       3%          4
 Dispel Undead            Necr           30%        3d14      3%          4
 Leda's Liquefaction      Hex/Erth       15%        N/A       3%          4
 Cigotuvi's Dreadful Rot  Necr/Pois/Air  30%        N/A       4%          2
 Apportation              Tloc           20%        N/A       7%          1
 Spider Form              Tmut/Pois      17%        N/A       8%          3
 Petrify                  Tmut/Erth      25%        N/A       8%          4
 Blink                    Tloc           20%        N/A       11%         2
 Fulminant Prism          Conj/Hex       11%        3d8       11%         4
 Ignite Poison            Fire/Tmut/Pois 12%        N/A       14%         3
 Poisonous Vapours        Pois/Air       14%        N/A       16%         2
 Static Discharge         Conj/Air       14%        2-3/arc   16%         2
 Momentum Strike          Conj/Tloc      14%        3d8       17%         2
 Stone Arrow              Conj/Erth      24%        3d8       17%         3
 Magic Dart               Conj           12%        1d3       19%         1
 Vhi's Electric Charge    Tloc/Air       22%        N/A       19%         3
 Gell's Gravitas          Tloc           10%        N/A       22%         3
 Teleport Other           Tloc           10%        N/A       22%         3
 Kindle Blastsparks       Fire/Tloc/Air  16%        2d11      26%         3
 Scorch                   Fire           6%         2d5       28%         2
 Searing Ray              Conj           6%         2d4       28%         2
 Mephitic Cloud           Conj/Pois/Air  6%         N/A       36%         3
 Airstrike                Air            5%         2d(1-17)  50%         4
 Manifold Assault         Tloc           10%        N/A       56%         4
 Iskenderun's Mystic Bla  Conj/Tloc      7%         2d4       75%         4
 Flame Wave               Conj/Fire      3%         2d5       88%         4
 Olgreb's Toxic Radiance  Pois           3%         N/A       88%         4
 Sticky Flame             Conj/Fire      3%         2d3       88%         4
 Summon Mana Viper        Hex/Summ       45%        N/A       1%          5
 Summon Cactus Giant      Summ           24%        N/A       4%          6
 Blade Hands              Tmut           15%        N/A       10%         5
 Agony                    Necr           30%        N/A       11%         5
 Simulacrum               Ice/Necr       19%        N/A       19%         6
 Borgnjor's Vile Clutch   Necr/Erth      12%        N/A       22%         5
 Ozocubu's Refrigeration  Ice            23%        4d12      32%         7
 Freezing Cloud           Conj/Ice/Air   10%        6-21      41%         5
 Lee's Rapid Deconstruct  Erth           10%        3d8*      43%         5
 Enfeeble                 Hex            21%        N/A       47%         7
 Death Channel            Necr           15%        N/A       50%         6
 Alistair's Intoxication  Tmut/Pois      11%        N/A       56%         5
 Statue Form              Tmut/Erth      16%        N/A       75%         6
 Summon Horrible Things   Summ           24%        N/A       88%         8
 Arcjolt                  Conj/Air       3%         1d13      96%         5
 Lightning Bolt           Conj/Air       3%         1d15      96%         5
 Eringya's Noxious Bog    Tmut/Pois      8%         N/A       98%         6
 Malign Gateway           Summ/Tloc      14%        N/A       98%         7
 Fireball                 Conj/Fire      1%         3d3       99%         5
 Iskenderun's Battlesphe  Conj           3%         2d6       99%         5
 Spellforged Servitor     Conj/Summ      13%        N/A       99%         7
 Discord                  Hex            21%        N/A       99%         8
 Conjure Ball Lightning   Conj/Air       3%         3x3d6     100%        6
 Dispersal                Tloc           5%         N/A       100%        6
 Iron Shot                Conj/Erth      6%         9d2       100%        6
 Starburst                Conj/Fire      1%         6d3       100%        6
 Orb of Destruction       Conj           1%         9d5       100%        7
 Storm Form               Tmut/Air       10%        N/A       100%        7
 Borgnjor's Revivificati  Necr           15%        N/A       100%        8
 Disjunction              Tloc           5%         N/A       100%        8
 Ignition                 Fire           1%         3d3       100%        8
 Lehudib's Crystal Spear  Conj/Erth      6%         10d3      100%        8
 Maxwell's Capacitive Co  Air            5%         ∞         100%        8
 Necromutation            Tmut/Necr      15%        N/A       100%        8
 Death's Door             Necr           15%        N/A       100%        9
 Fire Storm               Conj/Fire      1%         8d1       100%        9
 Polar Vortex             Ice            23%        N/A       100%        9


Dungeon Overview and Level Annotations

Branches:
Dungeon (15/15)            Temple (1/1) D:7            Lair (5/5) D:8
  Swamp (4/4) Lair:2        Snake (4/4) Lair:2        Slime (5/5) Lair:5
    Orc (2/2) D:12            Elf (3/3) Orc:2        Vaults (5/5) D:14
  Crypt (3/3) Vaults:2       Tomb (0/3) Crypt:3      Depths (4/4) D:15
   Hell (visited)             Dis (0/7) Hell            Geh (0/7) Hell
    Coc (0/7) Hell            Tar (0/7) Hell            Zot (5/5) Depths:4
 Bailey (visited)           IceCv (visited)         Desolation (visited)
Gauntlet (visited)

Altars:
Ashenzari
Cheibriados
Dithmenos
Elyvilon
Fedhas
Gozag
Hepliaklqana
Kikubaaqudgha
Makhleb
Nemelex Xobeh
Okawaru
Qazlal
Ru
Sif Muna
Trog
Uskayaw
Vehumet
Wu Jian
Xom
Yredelemnul
Zin
The Shining One
Jiyva
Lugonu

Shops:
D:2 *=   D:3 ?(   D:9 *   D:13 [   D:14 !   Orc:2 :(!!   Elf:3 *   Snake:4 (?
Vaults:1 *   Vaults:2 :   Vaults:3 *   Vaults:4 *   Depths:1 ?=?!   Depths:3 (
Depths:4 !

Portals:
Hell: Depths:1 Depths:2 Depths:3 Depths:4
Abyss: Lair:5 Depths:3 Depths:4
Pandemonium: Depths:2 Depths:3

Annotations:
Elf:2 1 runed translucent door
Crypt:2 1 transporter
Zot:1 3 runed translucent doors, Calu's ghost, legendary KoHu


Innate Abilities, Weirdness & Mutations

You are amphibious.
You cover ground slowly.
You can hop long distances.
You have an extended range of vision and can be seen from far away.
You are agile. (Dex +4, Str/Int -1)
Your flesh is heat resistant. (rF+)


Message History

Lightning arcs from Zioq's claws!
The bolt of lightning hits you! You resist. Zioq gestures at you.
You resist with almost no effort. Zioq gestures at you.
Your mind is blasted!
Zioq gestures.
Lightning arcs from Zioq's claws!
The bolt of lightning hits you!!! You resist.
Zioq gestures.
Lightning arcs from Zioq's claws!
The bolt of lightning hits you! You resist.
There is a stone staircase leading up here.
You fly upwards.
There is a stone staircase leading down here.
Unknown command.
Casting: Passwall (safe; 1% risk of failure)
Confirm with . or Enter, or press ? or * to list all spells.
Aiming: Passwall (safe; 1% risk of failure)
Press: ? - help, Dir - move target A rock wall.
This square is covered in magical glow.
You begin to meditate on the wall.
You continue meditating on the rock. x2
You finish merging with the rock.
Casting: Passwall (safe; 1% risk of failure)
Confirm with . or Enter, or press ? or * to list all spells.
Aiming: Passwall (safe; 1% risk of failure)
Press: ? - help, Dir - move target A rock wall.
This square is covered in magical glow.
You begin to meditate on the wall.
You continue meditating on the rock. x2
You finish merging with the rock.
There is a stone staircase leading up here.
You fly upwards.
There is a stone staircase leading down here.
As you read the scroll of teleportation, it crumbles to dust.
You feel strangely unstable.
You feel the Orb delaying your translocation!
You start resting.
Your surroundings suddenly seem different.
There is an empty arch of ancient stone here.
There is a staircase leading out of the dungeon here.
You have escaped!

...######## #...########.#...
..........# ##.## #.)...
##.######.# #.### ##.... ##.# #.#
#####...## ##... ##.# #.#
##........# ##.# ...#
#.###.........# #.# ####
#.##......⌠...# #.#
#.##..........# ##'# #
#.....∩.@>...## ##... ##
###.##.........## ##.... .##
##.#.##......⌠...### ##.....
..####.....##...........###......
..'.......................+......
..####...#.#####.###....###......
.## ##.##.# #.###..#.# ##..... ##
####.# #........# ##.... # #.#
#.###.##.######...


There were no monsters in sight!

Vanquished Creatures
  the Royal Jelly (Slime:5)
  Dissolution (Slime:4)
  4 dread liches
  12 orbs of fire
  Tiamat (Zot:4)
  7 ancient liches
  Mennas (Crypt:2)
  2 royal mummies (Zig:13)
  5 Killer Klowns
  Saint Roka (Depths:3)
  Margery (Depths:3)
  Xtahua (Vaults:5)
  2 curse toes
  2 caustic shrikes
  Nikola (Vaults:1)
  Geryon (Hell)
  the Enchantress (Depths:3)
  2 profane servitors
  11 golden dragons
  7 bone dragons
  2 electric golems (Zot:5)
  A shard shrike zombie (Crypt:1)
  The ghost of Cicier the Eclecticist, an adept GrEE of Sif Muna (Elf:2)
  21 tentacled monstrosities
  Mlioglotl (Swamp:3)
  Asterion (Depths:1)
  A walking earthen tome (Depths:2)
  28 Orb Guardians
  2 deep elf blademasters
  9 searing wretches
  21 acid blobs
  2 titans (Vaults:5)
  10 liches
  A walking divine tome (Depths:3)
  11 quicksilver dragons
  7 tentacled starspawn (Abyss:6)
  9 death cobs
  2 deep elf master archers (Elf:3)
  Gastronok (Lair:3)
  3 Executioners
  13 ancient champions
  2 pandemonium lords (Zig:11)
  10 shadow dragons
  11 sphinxes
  8 tengu reavers
  10 draconian monks
  Kirke (Swamp:1)
  6 nagarajas
  11 storm dragons
  26 azure jellies
  Roxanne (Swamp:4)
  12 fire giants
  15 rockslimes
  8 revenants
  6 frost giants
  12 draconian knights
  5 iron dragons
  15 vault wardens
  6 deep elf sorcerers
  Aizul (Swamp:3)
  11 draconian scorchers
  3 draconian stormcallers
  An imperial myrmidon (Desolation)
  9 ghouls (Crypt:2)
  2 balrugs
  21 ironbound preservers
  3 caustic shrike zombies
  7 curse skulls
  7 ghost moths
  4 reapers
  15 quicksilver oozes
  12 stone giants
  5 deep elf elementalists (Elf:3)
  5 draconian shifters
  A caustic shrike skeleton (Crypt:1)
  3 ironbound thunderhulks
  15 draconian annihilators
  3 orc warlords
  21 very ugly things
  2 ophanim (Abyss:6)
  5 spriggan defenders
  12 green draconians
  9 black draconians
  5 eleionomae
  A demonspawn black sun (Depths:1)
  A hydra skeleton (Swamp:4)
  7 deep elf demonologists
  14 vampire knights
  2 bennus (Zig:13)
  13 dire elephants
  2 spark wasps (Depths:3)
  6 deep elf annihilators (Elf:3)
  2 lorocyprocas
  18 white draconians
  2 halazid warlocks (Desolation)
  31 purple draconians
  14 yellow draconians
  12 red draconians
  A spark wasp (shapeshifter) (Vaults:5)
  9 bunyips
  A blizzard demon (Zig:16)
  14 deep elf death magi
  3 mummy priests
  4 crystal guardians
  6 eidola
  6 ettins
  3 fire dragons
  A merfolk javelineer (Zig:14)
  2 iron golems
  10 jiangshi
  3 merfolk impalers (Zig:14)
  14 great orbs of eyes
  4 ragged hierophants (Desolation)
  7 deep elf high priests
  5 entropy weavers
  7 ice dragons
  31 vault guards
  17 yaktaur captains
  4 servants of whispers (Desolation)
  A rakshasa (D:15)
  A spriggan zombie (Crypt:2)
  An elf skeleton (Crypt:1)
  A merfolk avatar (Zig:14)
  17 peacekeepers
  4 spriggan air magi
  8 hydras
  A nameless horror (Zig:15)
  A spriggan skeleton (Crypt:2)
  2 centaur warriors (D:14)
  A hell beast (Depths:1)
  3 salamander tyrants
  2 ghost crabs
  10 ogre magi
  A jorogumo (Zig:10)
  2 catoblepae
  11 alligators
  Erica (D:10)
  6 boulder beetles
  11 anacondas
  A stoker (Depths:1)
  3 death knights
  6 ironbound frosthearts
  31 dancing weapons
  3 merfolk aquamancers (Zig:14)
  33 two-headed ogres
  7 deep troll shamans
  A boulder beetle (shapeshifter) (D:15)
  An orc high priest (Zig:9)
  28 naga warriors
  2 satyrs (Zig:14)
  6 deep troll earth magi
  12 vampire magi
  5 hell hogs
  2 tengu warriors
  3 spriggan berserkers
  14 thrashing horrors
  4 sun demons
  9 spriggans
  15 deep elf knights
  8 soul eaters
  13 hell knights
  13 shock serpents
  12 naga sharpshooters
  4 pharaoh ants (Zig:10)
  An emperor scorpion zombie (Crypt:3)
  2 sixfirhies
  8 wretched stars
  3 iron trolls
  3 fire crabs
  25 skeletal warriors
  2 spatial maelstroms
  6 sea snakes (Zig:14)
  3 goliath frogs
  A quicksilver dragon simulacrum (Crypt:2)
  4 shadow wraiths
  8 swamp dragons
  A golden dragon zombie (Zig:13)
  5 spriggan druids
  9 flayed ghosts
  20 large abominations
  11 salamander mystics
  A spark wasp zombie (Depths:1)
  6 bog bodies
  18 phantasmal warriors
  64 deep trolls
  3 orange crystal statues
  5 glowing orange brains
  An iron giant skeleton (Crypt:3)
  3 spectral hydras (Swamp:4)
  8 deep elf archers
  11 naga ritualists
  A steelbarb worm (Zig:10)
  2 lindwurms (Vaults:1)
  3 golden dragon skeletons
  7 necromancers
  13 ironbound convokers
  2 anaconda skeletons (Hell)
  23 starcursed masses
  A stone giant zombie (Vaults:4)
  A harpy (Abyss:6)
  9 orc knights
  7 wizards
  22 deep elf pyromancers
  28 deep elf zephyrmancers
  15 mana vipers
  A frost giant zombie (Depths:1)
  7 fauns (Zig:14)
  38 ugly things
  A tengu skeleton (Zig:13)
  6 will-o-the-wisps
  34 salamanders
  4 orc sorcerers
  8 elephants
  2 worldbinders (Abyss:6)
  4 manticores
  5 shining eyes
  4 ice statues
  A human zombie (Vaults:4)
  6 cyclopes
  A dire elephant zombie (Crypt:1)
  2 merfolk sirens (Zig:14)
  23 naga magi
  10 apocalypse crabs
  23 moths of wrath
  19 vault sentinels
  An elf zombie (Vaults:4)
  15 smoke demons
  119 slime creatures
  37 black mambas
  11 guardian serpents
  2 rust devils (Hell)
  A stone giant skeleton (Depths:1)
  A guardian serpent (shapeshifter) (D:14)
  2 water nymphs (Zig:14)
  2 eyes of devastation (Slime:4)
  2 demonic crawlers (Zig:10)
  10 cane toads
  2 molten gargoyles (Desolation)
  A gargoyle (D:11)
  An alligator snapping turtle skeleton (Crypt:2)
  A dire elephant skeleton (Crypt:2)
  2 rime drakes
  2 unseen horrors
  An unseen horror (shapeshifter) (Elf:3)
  3 hellions
  A kobold demonologist (D:14)
  8 komodo dragons
  10 freezing wraiths
  12 swamp worm zombies (Crypt:3)
  3 efreet
  5 yaktaurs
  3 sea snake zombies (Hell)
  A steelbarb worm zombie (Crypt:2)
  A spectral naga (Snake:3)
  2 anaconda simulacra
  11 ice devils (IceCv)
  A catoblepas skeleton (Crypt:1)
  A death yak skeleton (Crypt:2)
  11 guardian mummies
  4 tormentors
  10 ancient zymes
  3 death drake zombies (Swamp:4)
  13 tyrant leeches
  4 hydra zombies
  14 merfolk (Zig:14)
  10 hornets
  Prince Ribbit (D:5)
  2 harpy zombies
  3 meliai
  A queen bee (D:12)
  6 trolls
  A hornet (shapeshifter) (Vaults:5)
  A sphinx simulacrum (Zig:13)
  26 blink frogs
  A blink frog (shapeshifter) (Vaults:5)
  2 death drake skeletons (Swamp:4)
  A raiju (shapeshifter) (Lair:5)
  24 raiju
  50 saltlings (Desolation)
  A tarantella (Zig:10)
  3 snapping turtles (Zig:14)
  A culicivora (Zig:10)
  4 dream sheep
  2 air elementals (Elf:3)
  A vampire (D:10)
  9 wraiths
  6 flying skulls
  A dire elephant simulacrum (IceCv)
  A jumping spider (Zig:10)
  A shadow (D:9)
  6 ynoxinuls
  5 wyverns
  34 yaks
  6 water elementals
  2 ushabtiu (Zig:13)
  A wyvern (shapeshifter) (Lair:5)
  15 humans (D:14)
  A basilisk (shapeshifter) (Lair:5)
  A black mamba skeleton (Crypt:3)
  4 fire bats (Gauntlet)
  9 basilisks
  13 golden eyes
  6 hogs
  6 redbacks
  3 fire elementals
  A redback (shapeshifter) (Depths:3)
  3 chaos spawn
  7 neqoxecs
  2 death yak simulacra (IceCv)
  4 vampire mosquitoes (Swamp:2)
  9 spatial vortices
  60 nagas
  13 swamp worms
  7 wargs
  2 harpy simulacra (IceCv)
  Edmund (D:5)
  7 hydra simulacra
  Duvessa (D:5)
  An acid dragon (D:14)
  3 floating eyes
  A glowing shapeshifter skeleton (Zig:13)
  3 hell hounds
  47 orc warriors
  3 swamp dragon zombies (Swamp:4)
  6 swamp drakes
  9 water moccasins
  A black bear (D:6)
  A black mamba simulacrum (Crypt:2)
  An alligator simulacrum (Hell)
  A deep troll simulacrum (Vaults:4)
  36 ogres
  4 centaurs
  A manticore skeleton (Crypt:1)
  18 wolves
  2 swamp dragon skeletons (Swamp:4)
  2 phantoms
  A draconian zombie (Crypt:2)
  A kobold brigand (D:10)
  4 necrophages (Crypt:2)
  11 bullfrogs
  15 small abominations
  9 gnoll sergeants
  4 cane toad simulacra (IceCv)
  4 scorpions
  A two-headed ogre simulacrum (IceCv)
  A yaktaur skeleton (Crypt:2)
  9 wights
  3 earth elementals
  Dowan (D:6)
  A yak zombie (Crypt:3)
  22 killer bees
  A warg skeleton (Crypt:2)
  6 elephant simulacra (IceCv)
  3 howler monkeys (D:9)
  7 hounds
  A basilisk zombie (Crypt:2)
  A jelly (D:4)
  8 gnoll boudas
  15 orc priests
  A bullfrog skeleton (Crypt:2)
  An iguana (D:7)
  15 orc wizards
  6 hell rats
  A troll simulacrum (IceCv)
  5 wolf simulacra (IceCv)
  3 polar bear simulacra (IceCv)
  3 spriggan simulacra
  An ogre zombie (Crypt:3)
  A deep dwarf skeleton (Crypt:3)
  An ogre skeleton (Crypt:1)
  9 mummies
  26 gnolls
  6 adders
  2 naga simulacra (IceCv)
  3 shadow imps (Gauntlet)
  4 white imps
  4 worms
  3 dart slugs
  A dart slug (shapeshifter) (Depths:4)
  65 orcs
  A bat zombie (Crypt:3)
  2 endoplasms
  3 giant cockroaches
  7 goblins
  4 hobgoblins
  3 jackals (D:5)
  3 quokkas
  5 ball pythons
  A ball python skeleton (Crypt:1)
  6 bats
  6 frilled lizards
  A goblin skeleton (Crypt:3)
  A jackal skeleton (Crypt:2)
  6 kobolds
  A kobold zombie (Crypt:1)
  A quokka zombie (Crypt:2)
  5 rats
  A spectral orc (D:8)
  2 ball lightnings (Zig:11)
  4 ballistomycete spores
  3 fire vortices (Hell)
  A lurking horror (Abyss:6)
  5 starspawn tentacles (Abyss:6)
2945 creatures vanquished.

Vanquished Creatures (collateral kills)
  2 royal mummies
  Jorgrun (D:13)
  A lich (Abyss:6)
  An Orb Guardian (Zot:5)
  2 acid blobs (Slime:5)
  A tentacled starspawn (Abyss:6)
  A tengu reaver (Vaults:5)
  A shadow dragon (Vaults:5)
  A rockslime (Slime:5)
  A frost giant (Vaults:4)
  A spriggan defender (Depths:4)
  A quicksilver ooze (Slime:5)
  A war gargoyle (Vaults:5)
  An ironbound preserver (Vaults:5)
  An orc warlord (Vaults:4)
  A minotaur (Gauntlet)
  A mummy priest (Zig:13)
  A ragged hierophant (Desolation)
  A death knight (D:14)
  A death scarab (Zig:6)
  A skyshark (Lair:4)
  A golden dragon zombie (Zig:13)
  A fire crab (Zig:5)
  A shadow wraith (Zig:12)
  An ironbound convoker (Vaults:4)
  A tengu zombie (Zig:6)
  A flayed ghost (Zig:12)
  A will-o-the-wisp (Swamp:3)
  2 nameless horrors
  A vault sentinel (Vaults:5)
  An iron dragon skeleton (Zig:13)
  An ice devil (IceCv)
  A hornet (Depths:4)
  A raiju (Abyss:6)
  2 blink frogs (Lair:5)
  A slime creature (Slime:5)
  2 dream sheep (Lair:3)
  A spriggan skeleton (Zig:6)
  A flying skull (Zig:6)
  An ushabti (Zig:6)
  A warg (Zig:9)
  A small abomination (Gauntlet)
  A hell hound (Abyss:6)
  A mummy (Zig:13)
  124 ballistomycete spores
173 creatures vanquished.

Vanquished Creatures (others)
  3 Killer Klowns (Zig:11)
  A lich (Abyss:6)
  A pandemonium lord (Zig:11)
  An Orb Guardian (Zot:5)
  A thorn hunter (Swamp:4)
  A frost giant (shapeshifter) (Zig:11)
  A very ugly thing (Zig:11)
  3 starflowers (Abyss:6)
  A merfolk impaler (Abyss:6)
  A mummy priest (Zig:6)
  3 shambling mangroves
  A rakshasa (Depths:2)
  A hydra (Swamp:4)
  An alligator (Swamp:4)
  2 deep elf knights
  A shock serpent (Abyss:6)
  A large abomination (Abyss:6)
  2 spriggan druids (Swamp:4)
  A flayed ghost (Depths:2)
  2 swamp dragons (Swamp:4)
  A lindwurm (shapeshifter) (Zig:11)
  A steelbarb worm (shapeshifter) (Zig:11)
  A wizard (Elf:1)
  An ugly thing (IceCv)
  A will-o-the-wisp (Swamp:2)
  3 oklob plants (Swamp:4)
  A rust devil (D:3)
  An apocalypse crab (Zig:11)
  An ice devil (D:3)
  4 bloated husks
  3 hornets (Swamp:4)
  3 raiju (Abyss:6)
  A blink frog (Lair:5)
  A tyrant leech (Swamp:2)
  A water elemental (Zig:14)
  A spriggan (Swamp:1)
  A fire elemental (Elf:3)
  7 golden eyes (Abyss:6)
  A chaos spawn (Zig:11)
  5 swamp drakes
  A boggart (Elf:1)
  A swamp dragon skeleton (Swamp:4)
  An orc (Orc:1)
  8 ball lightnings (Zig:11)
  20 ballistomycete spores
  19 bushes
  A demonic plant (Abyss:6)
  38 foxfires
  30 fungi
  2 lurking horrors (Abyss:6)
  77 plants
  A snaplasher vine (Zig:15)
  30 starspawn tentacles (Abyss:6)
297 creatures vanquished.

Grand Total: 3415 creatures vanquished

Notes
Turn   | Place    | Note
-------+----------+-------------------------------------------
     0 | D:1      | wpisznazwe the Barachi Hunter began the quest for the Orb.
     0 | D:1      | Reached XP level 1. HP: 17/17 MP: 1/1
   174 | D:1      | Reached XP level 2. HP: 23/23 MP: 2/2
   866 | D:2      | Reached XP level 3. HP: 28/28 MP: 3/3
  1016 | D:2      | Reached skill level 5 in Ranged Weapons
  1072 | D:2      | Found Qyguethro's One-of-a-Kind Rings.
  1473 | D:2      | Reached XP level 4. HP: 35/35 MP: 4/4
  1500 | D:2      | Found Lasikuec's Assorted Antiques.
  1510 | D:2      | Bought a scroll labelled KIRIMM QUS QIU for 17 gold pieces
  1510 | D:2      | Bought a scroll labelled AZIFEJOUNK for 17 gold pieces
  1510 | D:2      | Bought a scroll labelled YCHAMPU QYNAY for 17 gold pieces
  1510 | D:2      | Bought a scroll labelled ROABBU ITWICW for 17 gold pieces
  1614 | D:3      | Found Gycawn's Magic Scroll Shoppe.
  1698 | D:3      | Identified the +11 dagger of Sun Ugub {flame, rF+ Int+4}
  1831 | D:3      | Reached XP level 5. HP: 33/41 MP: 5/5
  2011 | D:3      | Found Fuimit's Antique Weapon Shop.
  2264 | D:3      | Found a broken altar of Ashenzari.
  2427 | D:3      | Bought a scroll of identify for 24 gold pieces
  2427 | D:3      | Bought a scroll of identify for 24 gold pieces
  2486 | D:2      | Bought a metallic pink potion for 15 gold pieces
  2557 | D:4      | Reached skill level 1 in Armour
  2688 | D:4      | Found a snail-covered altar of Cheibriados.
  2691 | D:4      | Reached XP level 6. HP: 47/47 MP: 6/6
  3194 | D:4      | Found a blossoming altar of Fedhas.
  3367 | D:3      | Bought a scroll of teleportation for 36 gold pieces
  3457 | D:2      | Bought a murky amethyst potion for 15 gold pieces
  3530 | D:4      | Found a shimmering blue altar of Sif Muna.
  3682 | D:4      | Reached XP level 7. HP: 39/54 MP: 7/7
  3842 | D:4      | Became a worshipper of Fedhas Madash
  3981 | D:5      | Entered Level 5 of the Dungeon
  4045 | D:3      | Bought a scroll of fog for 48 gold pieces
  4433 | D:5      | Reached skill level 1 in Invocations
  4872 | D:5      | Reached XP level 8. HP: 61/61 MP: 8/8
  5106 | D:6      | Noticed Dowan
  5109 | D:6      | Noticed Duvessa
  5209 | D:3      | Bought a scroll of amnesia for 48 gold pieces
  5312 | D:5      | Reached skill level 5 in Fighting
  5462 | D:6      | Noticed Prince Ribbit
  5635 | D:6      | Killed Dowan
  5732 | D:5      | Reached * piety under Fedhas
  5876 | D:6      | Noticed Edmund
  5896 | D:5      | Killed Duvessa
  5999 | D:5      | Killed Prince Ribbit
  6112 | D:5      | Killed Edmund
  6345 | D:6      | Reached skill level 10 in Ranged Weapons
  6345 | D:6      | Reached XP level 9. HP: 59/68 MP: 10/10
  7163 | D:6      | Identified the +3 helmet of Ilemetur {Int+3}
  7177 | D:6      | Found a shadowy altar of Dithmenos.
  7853 | D:7      | Identified the +5 leather armour of Cesseeff {rF- Will+
                  | Str+3 Stlth+}
  8243 | D:7      | Found a staircase to the Ecumenical Temple.
  8260 | Temple   | Entered the Ecumenical Temple
  8780 | D:8      | Noticed a two-headed ogre
  9125 | D:9      | Found a flagged portal.
  9136 | Bailey   | Entered a bailey
  9151 | Bailey   | Reached ** piety under Fedhas
  9245 | Bailey   | Reached XP level 10. HP: 50/79 MP: 12/12
 11186 | D:8      | Found a staircase to the Lair.
 11198 | D:8      | Noticed a two-headed ogre
 11207 | D:8      | Reached *** piety under Fedhas
 11221 | D:8      | Killed a two-headed ogre
 11522 | D:8      | Found a basalt altar of Yredelemnul.
 11548 | D:8      | Killed a two-headed ogre
 11750 | D:3      | Bought a scroll of enchant armour for 90 gold pieces
 11750 | D:3      | Bought a scroll of magic mapping for 90 gold pieces
 11750 | D:3      | Bought a scroll of teleportation for 36 gold pieces
 11750 | D:3      | Bought a scroll of immolation for 48 gold pieces
 11751 | D:3      | Identified 2 scrolls of acquirement
 11754 | D:3      | Acquired the ring of Ohoely {+Blink rPois AC+4 Str-4
                  | Slay+5}
 12015 | D:9      | Reached XP level 11. HP: 47/87 MP: 14/14
 12220 | D:9      | Found a stormy altar of Qazlal.
 12228 | D:9      | Found a white marble altar of Elyvilon.
 12248 | D:9      | Reached skill level 5 in Invocations
 12351 | D:9      | Found Sividd's Assorted Antiques.
 12377 | D:9      | Bought a potion of curing for 81 gold pieces
 12377 | D:9      | Bought a pink potion for 24 gold pieces
 12552 | D:9      | Reached **** piety under Fedhas
 12637 | D:10     | Entered Level 10 of the Dungeon
 12895 | D:10     | Noticed a two-headed ogre
 12898 | D:10     | Noticed a two-headed ogre
 12899 | D:10     | Noticed an ogre mage
 12901 | D:10     | Killed a two-headed ogre
 12901 | D:10     | Noticed a two-headed ogre
 12914 | D:10     | Killed a two-headed ogre
 12923 | D:10     | Killed an ogre mage
 12935 | D:10     | Killed a two-headed ogre
 13455 | D:10     | Noticed Erica
 13467 | D:10     | Killed Erica
 13661 | D:11     | Noticed a boulder beetle
 13690 | D:11     | Reached skill level 15 in Ranged Weapons
 13694 | D:11     | Reached skill level 10 in Fighting
 14498 | D:11     | Killed a boulder beetle
 14571 | D:11     | Noticed a two-headed ogre
 14575 | D:11     | Killed a two-headed ogre
 14576 | D:11     | Reached XP level 12. HP: 97/97 MP: 16/16
 14756 | D:11     | Identified the +2 leather armour of a bazaar {Dex+8}
 14978 | D:12     | Noticed a two-headed ogre
 15047 | Lair:1   | Entered Level 1 of the Lair of Beasts
 15047 | Lair:1   | Noticed a catoblepas
 15060 | Lair:1   | Killed a catoblepas
 15954 | Lair:2   | Noticed a boulder beetle
 15970 | Lair:2   | Killed a boulder beetle
 16473 | Lair:2   | Found a staircase to the Snake Pit.
 16743 | Lair:2   | Found a staircase to the Swamp.
 17097 | Lair:3   | Reached ***** piety under Fedhas
 17135 | Lair:3   | Gained mutation: You can hop long distances. [Barachi
                  | growth]
 17135 | Lair:3   | Reached XP level 13. HP: 97/106 MP: 14/18
 17216 | Lair:3   | Noticed Gastronok
 17238 | Lair:3   | Killed Gastronok
 18260 | Lair:4   | Found a frozen archway.
 18269 | IceCv    | Entered an ice cave
 18362 | IceCv    | Reached skill level 5 in Dodging
 18755 | IceCv    | Found an ancient bone altar of Kikubaaqudgha.
 19157 | IceCv    | Reached skill level 5 in Armour
 19697 | IceCv    | Got Quopopnio's Anthology of Hoarfrost
 20024 | Lair:4   | Reached XP level 14. HP: 60/118 MP: 20/20
 20609 | Lair:5   | Entered Level 5 of the Lair of Beasts
 21430 | Lair:5   | Found a viscous altar of Jiyva.
 21430 | Lair:5   | Found a staircase to the Slime Pits.
 21555 | Lair:5   | Reached ****** piety under Fedhas
 22117 | Lair:5   | Identified the -1 buckler "Ogier" {rC+ SInv}
 22631 | Lair:5   | Found a corrupted altar of Lugonu.
 22631 | Lair:5   | Found a one-way gate to the infinite horrors of the Abyss.
 24095 | D:12     | Found a staircase to the Orcish Mines.
 24185 | D:13     | Noticed Jorgrun
 24206 | D:13     | Killed Jorgrun
 24461 | D:13     | Reached XP level 15. HP: 127/127 MP: 21/21
 24570 | D:13     | Found Gycs's Armour Shop.
 24722 | D:13     | Identified the +3 arbalest "Rinnag" {flame, rElec rC+
                  | Int-3}
 24784 | D:13     | Found a burning altar of Makhleb.
 25034 | D:14     | Reached skill level 1 in Evocations
 25427 | D:14     | Reached skill level 15 in Fighting
 25480 | D:14     | Identified the +2 robe of Tisch {Rampage}
 25605 | D:14     | Found Lacuith's Distillery.
 25610 | D:14     | Bought a potion of flight for 45 gold pieces
 25610 | D:14     | Bought a potion of heal wounds for 75 gold pieces
 25610 | D:14     | Bought a potion of berserk rage for 75 gold pieces
 25610 | D:14     | Bought a potion of cancellation for 120 gold pieces
 25610 | D:14     | Bought a potion of berserk rage for 75 gold pieces
 25610 | D:14     | Bought a potion of curing for 45 gold pieces
 25610 | D:14     | Bought a potion of curing for 45 gold pieces
 25610 | D:14     | Bought a potion of curing for 45 gold pieces
 25798 | D:14     | Found a gate to the Vaults.
 26079 | D:15     | Entered Level 15 of the Dungeon
 26428 | D:15     | Paralysed by an orc sorcerer for 2 turns
 27308 | D:15     | Found a staircase to the Depths.
 27363 | D:15     | Reached XP level 16. HP: 138/138 MP: 23/23
 27619 | Orc:1    | Entered Level 1 of the Orcish Mines
 27839 | Orc:2    | Entered Level 2 of the Orcish Mines
 27839 | Orc:2    | Found a gate leading to a gauntlet.
 27839 | Orc:2    | Found a staircase to the Elven Halls.
 27848 | Gauntlet | Entered a Gauntlet
 27848 | Gauntlet | Found a transporter.
 27848 | Gauntlet | Found a transporter.
 27848 | Gauntlet | Found a transporter.
 27848 | Gauntlet | Found a transporter.
 27866 | Gauntlet | Found a transporter.
 27867 | Gauntlet | Found a transporter.
 27874 | Gauntlet | Found a transporter.
 27877 | Gauntlet | Found a transporter.
 27885 | Gauntlet | Found a transporter.
 27903 | Gauntlet | Found a transporter.
 27920 | Gauntlet | Found a transporter.
 27923 | Gauntlet | Found a transporter.
 28105 | Gauntlet | Identified the +2 cloak "Yloasuro" {Rampage Will+ Regen+
                  | Str+3}
 28545 | Gauntlet | Identified the +0 cloak of the Feeding Gods {Rampage rN+
                  | Str+7 Int-2}
 28572 | Gauntlet | Identified the ring of Xom's Amusement {Fire Int+3}
 28604 | Gauntlet | Reached skill level 5 in Evocations
 29045 | Orc:2    | Reached skill level 10 in Invocations
 29221 | Orc:2    | Found Kibran's Distillery.
 29221 | Orc:2    | Found Zeqempax's Weapon Emporium.
 29221 | Orc:2    | Found Eloipeat's Distillery.
 29221 | Orc:2    | Found Binaoneo's Book Boutique.
 29235 | Orc:2    | Bought a potion of invisibility for 112 gold pieces
 29240 | Orc:2    | Bought a potion of curing for 42 gold pieces
 29240 | Orc:2    | Bought a potion of curing for 42 gold pieces
 29240 | Orc:2    | Bought a potion of lignification for 42 gold pieces
 29450 | Orc:2    | Bought a manual of Long Blades for 1280 gold pieces
 29466 | Elf:1    | Entered Level 1 of the Elven Halls
 30179 | Swamp:1  | Entered Level 1 of the Swamp
 30934 | Swamp:2  | Noticed Kirke
 30961 | Swamp:1  | Killed Kirke
 31077 | Swamp:2  | Reached XP level 17. HP: 130/146 MP: 24/24
 31709 | Swamp:3  | Noticed Aizul
 31722 | Swamp:3  | Killed Aizul
 31798 | Swamp:3  | Noticed Mlioglotl
 31835 | Swamp:3  | Killed Mlioglotl
 32204 | Swamp:4  | Entered Level 4 of the Swamp
 32238 | Swamp:4  | Reached skill level 1 in Summonings
 32487 | Swamp:4  | Noticed Roxanne
 32658 | Swamp:4  | Killed Roxanne
 32885 | Swamp:4  | Found a basalt altar of Yredelemnul.
 32928 | Swamp:4  | Found a blossoming altar of Fedhas.
 32943 | Swamp:4  | Got a decaying rune of Zot
 33057 | Snake:1  | Entered Level 1 of the Snake Pit
 33293 | Snake:1  | Reached skill level 5 in Summonings
 33306 | Snake:1  | Reached XP level 18. HP: 121/156 MP: 6/26
 33721 | Snake:2  | Reached skill level 10 in Dodging
 33771 | Snake:2  | Reached skill level 1 in Earth Magic
 33841 | Snake:2  | Identified the +9 glaive of the Fool {elec, rN+}
 33870 | Snake:2  | Found a bloodstained altar of Trog.
 35893 | Snake:4  | Entered Level 4 of the Snake Pit
 35954 | Snake:4  | Reached XP level 19. HP: 110/165 MP: 27/27
 36895 | Snake:4  | Got a serpentine rune of Zot
 37094 | Snake:4  | Reached skill level 5 in Earth Magic
 37180 | Snake:4  | Found Avazibli's Jewellery Shoppe.
 37184 | Snake:4  | Found Vetwifet's Magic Scroll Emporium.
 37188 | Snake:4  | Found Pene Ala's Antique Weapon Shoppe.
 37192 | Snake:4  | Bought a scroll of fog for 72 gold pieces
 37192 | Snake:4  | Bought a scroll of teleportation for 54 gold pieces
 37192 | Snake:4  | Bought 3 scrolls of immolation for 216 gold pieces
 37192 | Snake:4  | Bought a scroll of magic mapping for 135 gold pieces
 37192 | Snake:4  | Bought a scroll of blinking for 135 gold pieces
 39508 | Elf:2    | Found a runed translucent door.
 39532 | Elf:2    | Found a runed translucent door.
 39581 | Elf:2    | Found a large runed translucent door.
 39581 | Elf:2    | Found a large runed translucent door.
 39581 | Elf:2    | Noticed Cicier's ghost (adept GrEE)
 39733 | Elf:2    | Killed Cicier's ghost
 39850 | Elf:2    | Identified the +1 ring mail of Limitation {Str+5 Dex-5
                  | Slay+5}
 40345 | Elf:2    | Reached XP level 20. HP: 174/174 MP: 29/29
 40619 | Elf:2    | Reached skill level 10 in Evocations
 40767 | Elf:3    | Entered Level 3 of the Elven Halls
 40928 | Elf:3    | Acquired 841 gold pieces
 40930 | Elf:3    | Acquired a manual of Ice Magic
 40932 | Elf:3    | Acquired the +3 crown of Dyrovepreva {rElec Int+2 SInv}
 40932 | Elf:3    | Found the +3 crown of Dyrovepreva {rElec Int+2 SInv}
 41201 | Elf:3    | Found Baud's Assorted Antiques.
 41476 | Elf:2    | Found an ancient bone altar of Kikubaaqudgha.
 41790 | Elf:3    | Identified the ring "Hixki" {Will+ Stlth+}
 41942 | Elf:3    | Identified the +2 dagger of Ramnuppom {venom, +Blink rC+}
 41969 | Elf:3    | Learned a level 6 spell: Death Channel
 41980 | Elf:3    | Learned a level 4 spell: Animate Armour
 42277 | Elf:3    | Identified the +4 troll leather armour of Midsummer {rF+
                  | Will+ Regen+ Dex+3 Stlth+}
 42301 | Elf:3    | Identified the ring of Weice {rElec AC+4}
 42346 | Elf:3    | Identified the +1 arbalest "Inaaz" {freeze, Will+}
 42438 | Elf:3    | Identified the +6 arbalest "Demonslayer" {antimagic, rCorr
                  | Int+2}
 42443 | Elf:3    | Got the Secrets of Disgusting Teratogeny
 42953 | Vaults:1 | Entered Level 1 of the Vaults
 43031 | Vaults:1 | Reached skill level 1 in Spellcasting
 43153 | Vaults:1 | Found Zumnur's Assorted Antiques.
 43181 | Vaults:1 | Bought a potion of curing for 114 gold pieces
 43181 | Vaults:1 | Bought 2 potions of heal wounds for 380 gold pieces
 43181 | Vaults:1 | Bought a potion of heal wounds for 190 gold pieces
 43353 | Vaults:1 | Noticed Nikola
 43362 | Vaults:1 | Killed Nikola
 43439 | Vaults:1 | Reached XP level 21. HP: 184/184 MP: 10/30
 44700 | Vaults:2 | Found Xilam's Book Emporium.
 44702 | Vaults:2 | Identified the +7 chain mail of the Silversmith {Str+6}
 45133 | Vaults:2 | Found a staircase to the Crypt.
 45399 | Vaults:3 | Learned a level 2 spell: Passwall
 45485 | Vaults:3 | Found a crumbling gateway.
 45517 | Desolati | Entered the Desolation of Salt
 46191 | Desolati | Got Sif Muna's Notes on Well-Done Contamination
 46483 | Desolati | Reached XP level 22. HP: 163/166 MP: 10/32
 47181 | Desolati | Got the Anthology of the Excursion
 47183 | Desolati | Identified the +0 ring mail "Xumn" {rElec Str+2}
 47206 | Desolati | Identified the +1 scimitar "Gegicof" {freeze, Will+ Int+4}
 47218 | Desolati | Identified the +5 long sword of Qazlal's Benevolence
                  | {speed, *Noise Int+5}
 47251 | Desolati | Got Custeeru's Encyclopedia of Molten Malediction
 47256 | Desolati | Identified the +3 robe of the Komodo Dragon {Contam Rampage
                  | rC- Will+++}
 47260 | Desolati | Identified the +1 chain mail of Transparent Curiosity
                  | {rElec rF+ rN+}
 47264 | Desolati | Got Vouqac's Essays on the Coarse Black Widow
 47266 | Desolati | Identified the +0 steam dragon scales "Qaops" {rN+ Will-
                  | Int+3 Dex+3}
 47422 | Vaults:3 | Found Naischu's General Store.
 47431 | Vaults:3 | Bought a scroll of teleportation for 66 gold pieces
 47431 | Vaults:3 | Bought a scroll of amnesia for 88 gold pieces
 47431 | Vaults:3 | Bought a scroll of poison for 88 gold pieces
 49252 | Vaults:4 | Found Bohal's Assorted Antiques.
 49617 | Vaults:4 | Reached skill level 10 in Armour
 49676 | Vaults:5 | Entered Level 5 of the Vaults
 49937 | Vaults:4 | Reached XP level 23. HP: 164/195 MP: 11/34
 50075 | Vaults:5 | Identified the +1 plate armour "Xubaulle" {Fly rF+ Int-3}
 50100 | Vaults:5 | Noticed a golden dragon
 50423 | Vaults:5 | Identified the ring "Cucrus" {Fire rPois Str+2}
 50659 | Vaults:5 | Identified the +3 scimitar of the Festooned God {flame,
                  | *Noise rC+ rN+}
 50949 | Vaults:5 | Killed a golden dragon
 50969 | Vaults:5 | Identified the ring of Okawaru, Bespelling {rN+ Dex+6}
 51193 | Vaults:5 | Reached skill level 15 in Invocations
 51347 | Vaults:5 | Noticed Xtahua
 51375 | Vaults:5 | Killed Xtahua
 51469 | Vaults:5 | Identified the +2 chain mail of Xexka {Str+3}
 51571 | Vaults:5 | Identified the +0 executioner's axe of the Dungeon
                  | {distort, +Blink}
 51662 | Vaults:5 | Identified the ring "Zom Ciel" {rElec Str+4 Int+3 Dex+6
                  | Slay+3}
 51767 | Vaults:5 | Got a silver rune of Zot
 51775 | Vaults:5 | Noticed a golden dragon
 51787 | Vaults:5 | Killed a golden dragon
 52013 | Vaults:5 | Found the +8 arc blade {discharge, rElec}
 52018 | Vaults:5 | Identified the -1 pair of boots "Ubebat" {Str+4}
 52186 | Vaults:5 | Found the +3 pair of seven-league boots {Rampage+∞}
 52218 | Vaults:5 | Identified the ring "Baujaon" {rF- Str+4 Int+6 Dex+3}
 52270 | Vaults:5 | Identified the +0 helmet of the Bard {Str+3}
 52751 | Depths:1 | Entered Level 1 of the Depths
 52786 | Depths:1 | Found a gateway to Hell.
 52807 | Depths:1 | Found a burning altar of Makhleb.
 52810 | Depths:1 | Found a hide-covered altar of Uskayaw.
 52810 | Depths:1 | Found a shimmering altar of Xom.
 52811 | Depths:1 | Found an iron altar of Okawaru.
 52811 | Depths:1 | Found a sparkling altar of Nemelex Xobeh.
 52811 | Depths:1 | Found a hazy altar of Hepliaklqana.
 52854 | Depths:1 | Found Nojoumi's Jewellery Shoppe.
 52854 | Depths:1 | Found Senub's Jewellery Emporium.
 52856 | Depths:1 | Found Exyej's Magic Scroll Emporium.
 52857 | Depths:1 | Found Qiochis's Magic Scroll Shoppe.
 52860 | Depths:1 | Bought a scroll of summoning for 114 gold pieces
 52860 | Depths:1 | Bought a scroll of silence for 114 gold pieces
 52860 | Depths:1 | Bought a scroll of blinking for 90 gold pieces
 52860 | Depths:1 | Bought a scroll of immolation for 48 gold pieces
 52860 | Depths:1 | Bought a scroll of fog for 48 gold pieces
 52866 | Depths:1 | Bought a scroll of teleportation for 54 gold pieces
 52866 | Depths:1 | Bought a scroll of poison for 72 gold pieces
 52866 | Depths:1 | Bought a scroll of poison for 72 gold pieces
 52901 | Depths:1 | Found Rohid's Distillery.
 52911 | Depths:1 | Bought a potion of haste for 180 gold pieces
 52911 | Depths:1 | Bought a potion of haste for 180 gold pieces
 52911 | Depths:1 | Bought a potion of resistance for 180 gold pieces
 52911 | Depths:1 | Bought a potion of heal wounds for 90 gold pieces
 52948 | Depths:1 | Reached XP level 24. HP: 216/216 MP: 11/34
 53029 | Depths:1 | Noticed Asterion
 53040 | Depths:1 | Killed Asterion
 54036 | Depths:2 | Found a one-way gate leading to the halls of Pandemonium.
 54329 | Depths:2 | Identified the +5 scimitar "Xaxzeygg" {vamp, *Noise rF-
                  | rN+++ Int+6}
 54565 | Depths:3 | Noticed Margery
 54586 | Abyss:5  | Cast into level 5 of the Abyss (Margery)
 54649 | Abyss:5  | Found a corrupted altar of Lugonu.
 54654 | Abyss:5  | Got an abyssal rune of Zot
 54777 | Depths:3 | Escaped the Abyss
 54875 | Depths:3 | Found a one-way gateway to a ziggurat.
 54876 | Depths:3 | Noticed Saint Roka
 54897 | Depths:3 | Killed Saint Roka
 55091 | Depths:3 | Noticed the Enchantress
 55096 | Depths:3 | Reached skill level 15 in Evocations
 55144 | Abyss:6  | Cast into level 6 of the Abyss (the Enchantress)
 55504 | Depths:3 | Escaped the Abyss
 55528 | Depths:3 | Killed the Enchantress
 55679 | Depths:3 | Killed Margery
 55915 | Depths:2 | Noticed a caustic shrike
 55928 | Depths:2 | Killed a caustic shrike
 55933 | Depths:2 | Reached skill level 15 in Dodging
 55937 | Depths:2 | Identified the +7 lajatang of Contradiction {holy, rC+
                  | Str+3}
 55953 | Depths:2 | Reached XP level 25. HP: 225/225 MP: 11/35
 56451 | Depths:3 | Identified the +3 dagger of the Lesser Evil {heavy, Str+6}
 56465 | Depths:3 | Identified the +5 spear of Xyeq {heavy, rElec rF++ Dex-5}
 56968 | Depths:3 | Identified the +0 war axe "Gefetzumi" {freeze, Drain Str+5}
 56970 | Depths:3 | Got Byoly's Book of the Blaze and Graupel
 57102 | Depths:3 | Found Baunk's Antique Weapon Boutique.
 57108 | Depths:3 | Bought a buzzing short sword for 208 gold pieces
 57108 | Depths:3 | Identified the +0 short sword "Hydrabane" {chaos, rElec
                  | Int+4 Dex-5} (You bought it in a shop on level 3 of the
                  | Depths)
 57155 | Depths:4 | Entered Level 4 of the Depths
 57477 | Depths:4 | Found Ritziwn's Distillery.
 57497 | Depths:4 | Bought a potion of cancellation for 168 gold pieces
 57497 | Depths:4 | Bought a potion of invisibility for 168 gold pieces
 57497 | Depths:4 | Bought a potion of curing for 63 gold pieces
 57497 | Depths:4 | Bought a potion of might for 84 gold pieces
 57497 | Depths:4 | Bought a potion of curing for 63 gold pieces
 57497 | Depths:4 | Bought a potion of might for 84 gold pieces
 57602 | Depths:4 | Found a gate to the Realm of Zot.
 58509 | Slime:1  | Entered Level 1 of the Pits of Slime
 60257 | Slime:1  | Gained mutation: You are partially covered in large bone
                  | plates. (SH +4) [a shining eye]
 60259 | Slime:1  | Gained mutation: Armour fits poorly on your strangely
                  | shaped body. [a shining eye]
 61042 | Slime:5  | Entered Level 5 of the Pits of Slime
 61372 | Slime:5  | Noticed the Royal Jelly
 61720 | Slime:4  | Noticed Dissolution
 61731 | Slime:4  | Paralysed by a floating eye for 2 turns
 61733 | Slime:4  | Killed Dissolution
 62455 | Slime:5  | Killed the Royal Jelly
 62456 | Slime:5  | Reached XP level 26. HP: 91/236 MP: 33/35
 62800 | Slime:5  | Identified the +1 ring mail "Tofour" {Str+4}
 62846 | Slime:5  | Identified the ring of Poplihatz {rF+ Int+3 Dex+6}
 62859 | Slime:5  | Got a slimy rune of Zot
 62883 | Slime:5  | Identified the ring "Esuyliw" {AC+4 Str+3}
 63789 | Crypt:1  | Entered Level 1 of the Crypt
 63932 | Crypt:1  | Reached skill level 27 in Ranged Weapons
 63975 | Crypt:1  | Identified the +1 pair of boots of Midsummer {Contam Fly
                  | rElec rC+}
 64438 | Crypt:1  | Found the +10 Black Knight's barding {ponderous, rPois rN+}
 64725 | Crypt:2  | Reached skill level 15 in Armour
 66443 | Crypt:2  | Found a transporter.
 66443 | Crypt:2  | Found a transporter.
 66451 | Crypt:2  | Noticed an ancient lich
 66527 | Crypt:2  | Noticed Mennas
 66556 | Crypt:2  | Killed Mennas
 67065 | Crypt:2  | Killed an ancient lich
 67161 | Crypt:2  | Identified the ring "Kiox" {rElec rPois Slay+4}
 67186 | Crypt:2  | Identified the ring "Timobol" {*Slow Will+ Str+8 SInv
                  | Stlth+}
 67219 | Crypt:3  | Entered Level 3 of the Crypt
 68514 | Crypt:3  | Identified the ring of Farut {rF- EV+5 Str+8 Int-2 Dex+7}
 69018 | Crypt:3  | Noticed a dread lich
 69145 | Crypt:3  | Found a staircase to the Tomb.
 69215 | Crypt:3  | Reached XP level 27. HP: 246/246 MP: 11/35
 69295 | Crypt:3  | Got Xeunwof's Commentary on the Morgue
 69418 | Crypt:3  | Noticed an ancient lich
 69418 | Crypt:3  | Noticed an ancient lich
 69418 | Crypt:3  | Noticed an ancient lich
 69476 | Crypt:3  | Killed an ancient lich
 69477 | Crypt:3  | Reached skill level 27 in Fighting
 69478 | Crypt:3  | Killed an ancient lich
 69485 | Crypt:3  | Killed a dread lich
 69513 | Crypt:3  | Killed an ancient lich
 69522 | Crypt:3  | Identified the +2 morningstar of Yhageor {freeze, *Rage
                  | rF+++ SInv Stlth+}
 69525 | Crypt:3  | Identified the ring of Xom's Passing Interest {rN+ Str+3
                  | Int+4 Dex+2}
 69525 | Crypt:3  | Identified the ring of Hyupn {rElec rN+ Int+7 Dex+2}
 69525 | Crypt:3  | Identified the ring "Tyuviheh" {rN+ Int+4}
 69774 | Hell     | Entered the Vestibule of Hell
 69775 | Hell     | Noticed Geryon
 69790 | Hell     | Reached skill level 1 in Ice Magic
 69827 | Depths:1 | Reached skill level 1 in Hexes
 69893 | Depths:1 | Reached skill level 10 in Summonings
 70302 | Hell     | Killed Geryon
 70365 | Hell     | Found a gateway to the Iron City of Dis.
 70531 | Hell     | Found a gateway to the freezing wastes of Cocytus.
 70638 | Hell     | Found a gateway to the decaying netherworld of Tartarus.
 70726 | Hell     | Found a gateway to the ashen valley of Gehenna.
 70932 | Vaults:2 | Lost mutation: You are partially covered in large bone
                  | plates. (SH +4) [potion of mutation]
 70932 | Vaults:2 | Lost mutation: Armour fits poorly on your strangely shaped
                  | body. [potion of mutation]
 70932 | Vaults:2 | Gained mutation: Your mind is acute. (Int +4, Str/Dex -1)
                  | [potion of mutation]
 70944 | Vaults:2 | Learned a level 3 spell: Confusing Touch
 72594 | D:9      | Bought a scroll of brand weapon for 256 gold pieces
 72594 | D:9      | Bought a scroll of teleportation for 81 gold pieces
 72854 | Depths:3 | Voluntarily entered the Abyss.
 72864 | Abyss:6  | Found a corrupted altar of Lugonu.
 72922 | Abyss:6  | Reached skill level 5 in Ice Magic
 72939 | Abyss:6  | Found a corrupted altar of Lugonu.
 72987 | Abyss:6  | Noticed a dread lich
 73034 | Abyss:6  | Reached skill level 5 in Hexes
 73068 | Depths:3 | Escaped the Abyss
 73234 | Zot:1    | Entered Level 1 of the Realm of Zot
 74276 | Zot:1    | Found a runed translucent gate.
 74276 | Zot:1    | Found a runed translucent gate.
 74276 | Zot:1    | Found a runed translucent gate.
 74276 | Zot:1    | Noticed Calu's ghost (legendary KoHu)
 75734 | Zot:2    | Noticed an orb of fire
 75808 | Zot:2    | Killed an orb of fire
 75839 | Zot:2    | Identified the +0 cloak of Apathy {+Blink Will+ Int-2}
 75930 | Zot:2    | Found an ornate altar of the Wu Jian Council.
 77488 | Zot:3    | Reached skill level 10 in Ice Magic
 77534 | Zot:3    | You are sucked into a shaft and drop 1 floor!
 77907 | Zot:3    | Identified the +1 leather armour of Limitation {-Cast
                  | Regen+ Str+2 Stlth+}
 78475 | Zot:4    | Reached skill level 10 in Hexes
 78870 | Zot:4    | Learned a level 7 spell: Monstrous Menagerie
 78877 | Zot:4    | Learned a level 5 spell: Summon Forest
 78891 | Zot:4    | Found the +4 dragonskin cloak
 78891 | Zot:4    | Noticed Tiamat
 78913 | Zot:4    | Killed Tiamat
 79419 | Zot:4    | Learned a level 7 spell: Summon Hydra
 79640 | Zot:4    | Identified the +6 dagger "Lyruy" {freeze, *Rage Will+
                  | Str+3}
 80412 | Zig:1    | Entered Level 1 of a ziggurat
 80536 | Zig:2    | Entered Level 2 of a ziggurat
 80663 | Zig:3    | Entered Level 3 of a ziggurat
 80663 | Zig:3    | Noticed a dread lich
 80674 | Zig:3    | Killed a dread lich
 80813 | Zig:3    | Learned a level 4 spell: Summon Lightning Spire
 80817 | Zig:4    | Entered Level 4 of a ziggurat
 80906 | Zig:4    | Identified the +10 war axe "Lyrgh" {vamp, *Corrode Str+6
                  | Int+5}
 80921 | Zig:5    | Entered Level 5 of a ziggurat
 81040 | Zig:6    | Entered Level 6 of a ziggurat
 81046 | Zig:6    | Noticed a royal mummy
 81060 | Zig:6    | Killed a royal mummy
 81061 | Zig:6    | Reached skill level 15 in Summonings
 81281 | Zig:7    | Entered Level 7 of a ziggurat
 81379 | Zig:7    | Identified the +10 lajatang "Orejoif" {speed, rN+ Dex+4}
 81384 | Zig:7    | Identified the +4 sling of Jepn {elec, *Corrode rElec rN+
                  | Dex+6}
 81403 | Zig:7    | Acquired the +15 Maxwell's patent armour {-Cast -Tele rElec
                  | Will+ rCorr}
 81403 | Zig:7    | Found the +15 Maxwell's patent armour {-Cast -Tele rElec
                  | Will+ rCorr}
 81430 | Zig:7    | Acquired 663 gold pieces
 81447 | Zig:8    | Entered Level 8 of a ziggurat
 81636 | Zig:8    | Got Meolok's Teachings on Combustion and the Icicle
 81655 | Zig:9    | Entered Level 9 of a ziggurat
 81679 | Zig:9    | Reached skill level 1 in Air Magic
 81686 | Zig:9    | Reached skill level 1 in Translocations
 81762 | Zig:9    | Identified the +7 long sword of the Gloaming {flame, SInv}
 81765 | Zig:9    | Identified the +2 short sword of Ewnipp {drain, rElec rPois
                  | Will+}
 81766 | Zig:9    | Identified the +8 great mace "Faeneast" {heavy, rPois}
 81801 | Zig:10   | Entered Level 10 of a ziggurat
 82123 | Zig:10   | Got the Omnibus of the Undead Volcano
 82124 | Zig:10   | Identified the +5 plate armour of Claustrophobia {rF+}
 82139 | Zig:11   | Entered Level 11 of a ziggurat
 82149 | Zig:11   | Noticed Ybed the pandemonium lord
 82151 | Zig:11   | Noticed Xati the pandemonium lord
 82153 | Zig:11   | Noticed Viatyxoz the pandemonium lord
 82165 | Zig:11   | Killed Xati the pandemonium lord
 82181 | Zig:11   | Killed Ybed the pandemonium lord
 82188 | Zig:11   | Killed Viatyxoz the pandemonium lord
 82389 | Zig:11   | Identified the ring "Nusch" {rF+ MP+9 Slay+5}
 82428 | Zig:12   | Entered Level 12 of a ziggurat
 82438 | Zig:12   | Noticed an ancient lich
 82439 | Zig:12   | Noticed an ancient lich
 82441 | Zig:12   | Noticed a dread lich
 82455 | Zig:12   | Paralysed by a vampire knight for 2 turns
 82464 | Zig:12   | Found the +11 Singing Sword {sonic wave}
 82482 | Zig:12   | HP: 9/240 [ancient lich/crystal spear (82)]
 82520 | Zig:12   | Killed an ancient lich
 82521 | Zig:12   | Killed an ancient lich
 82543 | Zig:12   | Killed a dread lich
 82759 | Zig:12   | Identified the +4 long sword of the Sage {heavy, rPois rC+}
 82942 | Zig:13   | Entered Level 13 of a ziggurat
 82962 | Zig:13   | Noticed a royal mummy
 82967 | Zig:13   | Noticed a royal mummy
 82971 | Zig:13   | Noticed a royal mummy
 82976 | Zig:13   | Killed a royal mummy
 82979 | Zig:13   | Killed a royal mummy
 82984 | Zig:13   | Killed a royal mummy
 83169 | Zig:13   | Found the +8 orange crystal plate armour {Archmagi, Int+3
                  | Clar}
 83179 | Zig:13   | Got the Notes on Moving Hexes
 83207 | Zig:13   | Reached skill level 5 in Transmutations
 83275 | Zig:14   | Entered Level 14 of a ziggurat
 83330 | Zig:14   | Reached skill level 15 in Ice Magic
 83614 | Zig:15   | Entered Level 15 of a ziggurat
 83761 | Zig:15   | Gained mutation: You are weak. (Str -2) [a shining eye]
 83880 | Zig:15   | Identified the ring of Esutagh {Contam rElec rF+ rC+ Str+5}
 83905 | Zig:15   | Identified the amulet of Light {RegenMP Str+3 Int+5}
 83989 | Zig:16   | Entered Level 16 of a ziggurat
 84059 | Zig:16   | Paralysed by accursed screaming for 1 turns
 84061 | Zig:16   | Noticed a dread lich
 84075 | Zig:16   | Identified the amulet of the Sixty-Six Beasts {Faith rCorr
                  | Int+3 Dex+5}
 84406 | Depths:3 | Acquired 1057 gold pieces
 84708 | Depths:3 | Lost mutation: Your mind is acute. (Int +4, Str/Dex -1)
                  | [potion of mutation]
 84708 | Depths:3 | Lost mutation: You are very weak. (Str -4) [potion of
                  | mutation]
 84708 | Depths:3 | Gained mutation: Your mind is acute. (Int +4, Str/Dex -1)
                  | [potion of mutation]
 84837 | Zot:5    | Entered Level 5 of the Realm of Zot
 85227 | Zot:5    | Reached skill level 5 in Spellcasting
 85599 | Zot:5    | Noticed an orb of fire
 85600 | Zot:5    | Noticed an orb of fire
 85602 | Zot:5    | Noticed an ancient lich
 85603 | Zot:5    | Noticed an orb of fire
 85603 | Zot:5    | Noticed an orb of fire
 85609 | Zot:5    | Noticed an orb of fire
 85609 | Zot:5    | Noticed an orb of fire
 85610 | Zot:5    | Gained mutation: Your spells are a little easier to cast,
                  | but a little less powerful. [an orb of fire]
 85610 | Zot:5    | Noticed an orb of fire
 85611 | Zot:5    | Noticed an orb of fire
 85616 | Zot:5    | Identified the +4 halberd "Rineekas" {drain, rF+ Dex+6}
 85619 | Zot:5    | Noticed an orb of fire
 85619 | Zot:5    | Noticed an orb of fire
 85629 | Zot:5    | Gained mutation: You are frail. (-10% HP) [an orb of fire]
 85633 | Zot:5    | Gained mutation: Your body sometimes deteriorates upon
                  | taking damage. [an orb of fire]
 85634 | Zot:5    | Noticed an orb of fire
 85635 | Zot:5    | Gained mutation: Your magical capacity is low. (-10% MP)
                  | [an orb of fire]
 85635 | Zot:5    | Gained mutation: Your body often deteriorates upon taking
                  | damage. [an orb of fire]
 85635 | Zot:5    | Gained mutation: You are very frail. (-20% HP) [an orb of
                  | fire]
 85653 | Zot:5    | Noticed a dread lich
 85661 | Zot:5    | Killed a dread lich
 85667 | Zot:5    | Gained mutation: Armour fits poorly on your strangely
                  | shaped body. [an orb of fire]
 86300 | Zot:5    | Gained mutation: You are weak. (Str -2) [an orb of fire]
 86307 | Zot:5    | Gained mutation: You sometimes lose your temper in combat.
                  | [an orb of fire]
 86314 | Zot:5    | Gained mutation: You are vulnerable to heat. (rF-) [an orb
                  | of fire]
 86315 | Zot:5    | Gained mutation: You occasionally shout uncontrollably at
                  | your foes. [an orb of fire]
 86321 | Zot:5    | Killed an orb of fire
 86594 | Zot:1    | Lost mutation: Your spells are a little easier to cast, but
                  | a little less powerful. [potion of mutation]
 86594 | Zot:1    | Lost mutation: Your body often deteriorates upon taking
                  | damage. [potion of mutation]
 86594 | Zot:1    | Lost mutation: You sometimes lose your temper in combat.
                  | [potion of mutation]
 86594 | Zot:1    | Gained mutation: You have hidden genetic potential. [potion
                  | of mutation]
 86594 | Zot:1    | Gained mutation: You are partially covered in iridescent
                  | scales. (AC +2) [potion of mutation]
 86652 | Depths:3 | Lost mutation: You are partially covered in iridescent
                  | scales. (AC +2) [potion of mutation]
 86652 | Depths:3 | Lost mutation: You are weak. (Str -2) [potion of mutation]
 86652 | Depths:3 | Gained mutation: You occasionally lose the ability to read
                  | scrolls when taking damage. [potion of mutation]
 86652 | Depths:3 | Lost mutation: You are very frail. (-20% HP) [potion of
                  | mutation]
 86653 | Depths:3 | Lost mutation: Your magical capacity is low. (-10% MP)
                  | [potion of mutation]
 86653 | Depths:3 | Lost mutation: You are vulnerable to heat. (rF-) [potion of
                  | mutation]
 86653 | Depths:3 | Gained mutation: You have sharp fingernails. [potion of
                  | mutation]
 86653 | Depths:3 | Lost mutation: You have sharp fingernails. [potion of
                  | mutation]
 86802 | Zot:4    | Killed an orb of fire
 86819 | Zot:4    | Lost mutation: You have hidden genetic potential. [an orb
                  | of fire]
 86823 | Zot:4    | Gained mutation: Your magical capacity is low. (-10% MP)
                  | [an orb of fire]
 86828 | Zot:4    | Killed an orb of fire
 86833 | Zot:4    | Killed an orb of fire
 87067 | Zot:5    | Gained mutation: Your body often deteriorates upon taking
                  | damage. [an orb of fire]
 87073 | Zot:5    | Gained mutation: You occasionally lose the ability to drink
                  | potions when taking damage. [an orb of fire]
 87075 | Zot:5    | Killed an orb of fire
 87755 | Zot:5    | Killed an ancient lich
 87770 | Zot:5    | Killed an orb of fire
 88266 | Zot:5    | Gained mutation: You are weak. (Str -2) [an orb of fire]
 88274 | Zot:5    | Killed an orb of fire
 88279 | Zot:5    | Lost mutation: Your mind is acute. (Int +4, Str/Dex -1) [an
                  | orb of fire]
 88280 | Zot:5    | Gained mutation: Potions are less effective at restoring
                  | your health. [an orb of fire]
 88295 | Zot:5    | Killed an orb of fire
 88296 | Zot:5    | Killed an orb of fire
 88352 | Zot:5    | Killed an orb of fire
 88671 | Zot:5    | Gained mutation: You sometimes lose the ability to drink
                  | potions when taking damage. [an orb of fire]
 88677 | Zot:5    | Killed an orb of fire
 88998 | Depths:1 | Bought a potion of mutation for 144 gold pieces
 88998 | Depths:1 | Lost mutation: Armour fits poorly on your strangely shaped
                  | body. [potion of mutation]
 88998 | Depths:1 | Lost mutation: Your magical capacity is low. (-10% MP)
                  | [potion of mutation]
 88998 | Depths:1 | Lost mutation: Your body often deteriorates upon taking
                  | damage. [potion of mutation]
 88998 | Depths:1 | Lost mutation: You are weak. (Str -2) [potion of mutation]
 88998 | Depths:1 | Gained mutation: You passively map a small area around you.
                  | [potion of mutation]
 89214 | Vaults:4 | Lost mutation: You occasionally lose the ability to read
                  | scrolls when taking damage. [potion of mutation]
 89214 | Vaults:4 | Lost mutation: You occasionally shout uncontrollably at
                  | your foes. [potion of mutation]
 89214 | Vaults:4 | Lost mutation: You are frail. (-10% HP) [potion of
                  | mutation]
 89214 | Vaults:4 | Lost mutation: Your body sometimes deteriorates upon taking
                  | damage. [potion of mutation]
 89271 | Vaults:4 | Lost mutation: You sometimes lose the ability to drink
                  | potions when taking damage. [potion of mutation]
 89271 | Vaults:4 | Lost mutation: You occasionally lose the ability to drink
                  | potions when taking damage. [potion of mutation]
 89271 | Vaults:4 | Lost mutation: You passively map a small area around you.
                  | [potion of mutation]
 89271 | Vaults:4 | Gained mutation: You sometimes lose your temper in combat.
                  | [potion of mutation]
 89329 | Vaults:5 | Lost mutation: You sometimes lose your temper in combat.
                  | [potion of mutation]
 89329 | Vaults:5 | Lost mutation: Potions are less effective at restoring your
                  | health. [potion of mutation]
 89329 | Vaults:5 | Gained mutation: You are agile. (Dex +4, Str/Int -1)
                  | [potion of mutation]
 89329 | Vaults:5 | Gained mutation: You occasionally lose the ability to read
                  | scrolls when taking damage. [potion of mutation]
 89549 | Orc:2    | Bought a potion of mutation for 112 gold pieces
 89549 | Orc:2    | Lost mutation: You are agile. (Dex +4, Str/Int -1) [potion
                  | of mutation]
 89549 | Orc:2    | Lost mutation: You occasionally lose the ability to read
                  | scrolls when taking damage. [potion of mutation]
 89549 | Orc:2    | Gained mutation: Your flesh is heat resistant. (rF+)
                  | [potion of mutation]
 89549 | Orc:2    | Gained mutation: You are agile. (Dex +4, Str/Int -1)
                  | [potion of mutation]
 90360 | Elf:3    | Bought a potion of haste for 390 gold pieces
 90363 | Elf:3    | Learned a level 2 spell: Call Imp
 90367 | Elf:3    | Learned a level 3 spell: Swiftness
 90821 | Zot:5    | Got the Orb of Zot
 90982 | Zot:1    | Noticed Wexifrual the pandemonium lord
 91325 | D:8      | Noticed Ofug the pandemonium lord
 91402 | D:6      | Noticed Peir the pandemonium lord
 91502 | D:3      | Noticed Zioq the pandemonium lord
 91579 | D:$      | Escaped with the Orb!

Illustrated notes

Levels and vault maps discovered:
D:1:      wander_arrival_desolate, layout_loops_corners, skrybe_limestone_x
D:2:      minmay_angry_zag, layout_basic, serial_rivers,
          chequers_serial_rivers_micro_a, chequers_serial_rivers_small_b,
          chequers_serial_rivers_small_a, chequers_serial_rivers_large_a,
          chequers_serial_rivers_small_a, serial_shops, nicolae_shop_crystal,
          nicolae_shop_unique_rings, grunt_decor_mini_mirrors
D:3:      layout_loops_ring, cheibrodos_ashenzari_chains, serial_shops, shop,
          shop
D:4:      layout_basic, slow_altar_1, nicolae_sif_muna_condensation,
          fedhas_altar_1, nrook_mini_vaults, chequers_decorated_corner,
          st_stairs_4
D:5:      layout_loops_corners
D:6:      layout_cave_pools, overflow_temple_1_default, uniq_duvessa,
          uniq_edmund, uniq_prince_ribbit1
D:7:      layout_loops_ring, minmay_temple_entry_glassed_door
D:8:      layout_basic, yredelemnul_forgotten_temple_becter,
          erik_lair_orcish_takeover
D:9:      layout_cave_pools, amethyst_overflow_temple_binary, enter_bailey_2,
          serial_shops, nicolae_stop_n_shop_1, grunt_ministairs_10
D:10:     layout_long_grid, uniq_erica
D:11:     layout_stronghold
D:12:     layout_roguey [special_room_bee], david_orc_5
D:13:     layout_gridville, serial_shops, shop, bloody_makhleb, uniq_jorgrun
D:14:     minmay_octagon_keep, layout_basic, grunt_vaults_entry_tiered,
          serial_shops, nicolae_shop_stone, infiniplex_staircase_x
D:15:     gammafunk_enter_depths_forms, layout_small_grid,
          minmay_misc_feat_doors
Temple:   nicolae_temple_bog_church
Lair:1:   layout_gridlike, eino_small_chamber_without_monster,
          hibernation_bobbens
Lair:2:   layout_roguey, minmay_swamp_entry_worms, guppyfry_snake_entry_island
Lair:3:   layout_regular_city, kennysheep_basilisk_garden,
          infiniplex_staircase_pool, grunt_megastairs_2, lemuel_fruit_fields,
          uniq_gastronok
Lair:4:   layout_gridlike, portal_ice_cave_entry_pillars_2, lemuel_fruit_tree
Lair:5:   hellmonk_lair_end_abyssal_woods, layout_cave_pods, slime_entry_1,
          wad_woods_06
Swamp:1:  layout_basic_swamp, nicolae_swamp_fairy_circle, swamp_pool4
Swamp:2:  layout_basic_swamp, evilmike_swamp_ruin_house_5, uniq_kirke
Swamp:3:  layout_falls_marsh, serial_swamp_ruin, evilmike_swamp_ruin_house_6,
          evilmike_swamp_ruin_house_1, uniq_aizul, uniq_mlioglotl
Swamp:4:  byrel_swamp_growth_death_and_undeath, layout_basic_swamp, uniq_roxanne
Snake:1:  layout_rooms, nicolae_snake_mages_go_home
Snake:2:  layout_misc_corridors, basic_altar
Snake:3:  layout_basic, nicolae_snake_ghostly_warrior_ritual,
          serial_bayou_shore_b, grunt_megastairs_5
Snake:4:  johnstein_snake_rune_scales, layout_gridlike, minmay_shop_star,
          grunt_megastairs_1
Slime:1:  layout_caves
Slime:2:  cheibrodos_slime_lost_civilization_1, layout_caves,
          cheibrodos_slime_lost_civilization_4
Slime:3:  layout_caves
Slime:4:  layout_caves, uniq_dissolution
Slime:5
Orc:1:    cheibrodos_orc_arena, layout_diamond_mine
Orc:2:    st_orc_ogre_mass, layout_caves, gauntlet_entry_generic
Elf:1:    elf_arrival_001, layout_gridlike, hangedman_elf_disciples
Elf:2:    nicolae_elf_blades_splatter_lattice
          [nicolae_blade_entry_splitting_headache], layout_loops_ring,
          ebering_ghost_disaster_area, lemuel_upstairs_altar
Elf:3:    grunt_elf_hall_asides, layout_geoelf_octagon, serial_shops,
          nicolae_shop_stone, minmay_crystal_room
Vaults:1: v_misc_5, hangedman_vaults_pinch, vaults_dpeg_encased_lava,
          vaults_dpeg_cross, ontoclasm_vaults_ligature,
          ontoclasm_vaults_shuriken, layout_vaults_omnigrid, serial_shops,
          nicolae_shop_advertising_works [nicolae_subvault_shop_adworks],
          uniq_nikola
Vaults:2: ontoclasm_vaults_ring_square, minmay_crypt_entry_simple_sparse,
          dpeg_vaults_monster_box, ontoclasm_vaults_fire_temple, v_misc_5,
          grunt_vaults_bifocal, vaults_room_grid, hangedman_vaults_stagger,
          vaults_mumra_hexcomb, grunt_vaults_swirl, ontoclasm_vaults_hangar,
          vaults_room_pools, hangedman_vaults_hat, vaults_room_grid, v_misc_24,
          nicolae_vaults_little_squares_2, layout_vaults_maze_snakey,
          serial_shops, nicolae_shop_stone
Vaults:3: portal_desolation_entry_twin_temple, vaults_room_corners,
          hangedman_vaults_restitches, v_misc_11, v_misc_30,
          nicolae_vaults_little_squares_2, vaults_dpeg_diagonal,
          ontoclasm_vaults_ring_large, nicolae_vaults_ring_of_whatevers,
          vaults_mumra_chevron, ontoclasm_vaults_hangar, vaults_room_fours,
          layout_vaults_omnibox, serial_shops, nicolae_shop_waterfront
Vaults:4: nicolae_vaults_halls_meeting, vaults_dpeg_spiral, v_pattern_5,
          nicolae_vaults_little_squares_5, layout_vaults_chaotic_city,
          serial_shops, nicolae_shop_waterfront
Vaults:5: serial_shops, uniq_xtahua
Crypt:1:  layout_gridlike
Crypt:2:  gammafunk_the_bubble [the_bubble_gammafunk_plus_minus],
          layout_chaotic_city, uniq_mennas
Crypt:3:  david_glass_crypt, layout_gridlike, tomb_entry_shell_bobbens,
          special_room [special_room_morgue], lemuel_dead_fish_pool
Depths:1: layout_long_grid, doesnt_xom_only_xom, hell_entry, serial_shops, shop,
          patterned_corridor, minmay_shoptagon, uniq_asterion
Depths:2: minmay_inside_and_out, layout_basic, grunt_pan_entry_sceptre,
          grunt_hell_entry_dis_grunt, st_stairs_2, serial_bayou_shore_b,
          minmay_staircase_statues
Depths:3: gammafunk_mikee_crab_dinner, layout_basic, enter_ziggurat_c,
          hell_entry, nrook_uturn, rand_demon_pan_entry_1, serial_shops,
          kennysheep_little_box, abyss_entry_crystal, minmay_pinched_square,
          uniq_margery, uniq_saint_roka, uniq_enchantress
Depths:4: grunt_zot_entry_funnels, layout_honeycomb, pf_hell_entry_great_geh,
          abyss_entry_glasseish, reono_crystal_passage, serial_shops,
          nicolae_lakefront_shop
Hell
Zot:1:    layout_twisted_circle, ebering_ghost_rock_garden, grunt_megastairs_4
Zot:2:    layout_onion_interference, basic_altar
Zot:3:    layout_gridlike
Zot:4:    cheibrodos_zot_enchanting_chambers, layout_twisted_circle, uniq_tiamat
Zot:5:    layout_misc_corridors

Skill      XL: |  1  2  3  4  5  6  7  8  9 10 11 12 13 14 15 16 17 18 19 20 21 22 23 24 25 26 27 |
---------------+----------------------------------------------------------------------------------+-----
Ranged Weapons | 5 6 7 8 10 11 13 15 17 18 19 20 21 22 23 24 25 26 27 | 27.0
Fighting       | 3 4 6 7 8 10 11 13 14 15 16 17 18 19 20 21 22 23 24 25 26 27 | 27.0
Armour         | 1 2 3 4 5 6 7 8 10 11 13 14 15 18 | 18.3
Invocations    | 1 2 3 4 6 7 8 9 10 11 12 13 14 15 16 17 20 | 20.4
Dodging        | 3 5 7 8 9 10 11 12 13 14 15 17 24 | 24.2
Evocations     | 4 6 7 8 9 11 12 13 14 15 16 17 18 | 18.5
Summonings     | 5 9 15 | 15.8
Earth Magic    | 3 5 |  5.8
Spellcasting   | 1 5 |  5.5
Ice Magic      | 15 | 15.0
Hexes          | 13 | 13.7
Long Blades    | 8 |  8.8
Air Magic      | 2 |  2.8
Translocations | 2 |  2.3
Necromancy     | 9 |  9.4
Transmutations | 9 |  9.6
Short Blades   | |  0.3
Throwing       | |  0.6
Stealth        | |  0.8

Action                     |  1- 3 |  4- 6 |  7- 9 | 10-12 | 13-15 | 16-18 | 19-21 | 22-24 | 25-27 || total
---------------------------+-------+-------+-------+-------+-------+-------+-------+-------+-------++-------
  Melee: Short sword       |       |       |    14 |       |       |       |       |       |       ||    14
         Punch             |       |       |     1 |       |       |       |       |       |       ||     1
         Dagger            |       |       |       |     7 |       |       |       |       |       ||     7
         Arbalest          |       |       |       |       |       |       |       |       |     6 ||     6
   Fire: Shortbow          |    83 |    92 |   402 |   844 |  1317 |       |       |       |       ||  2738
         Arbalest          |       |       |       |       |   339 |  1428 |  1590 |  1767 |  3840 ||  8964
  Throw: Throwing net      |       |       |       |       |       |       |       |       |     2 ||     2
   Cast: Animate Armour    |       |       |       |       |       |       |     3 |       |     2 ||     5
         Summon Lightning  |       |       |       |       |       |       |       |       |     9 ||     9
         Passwall          |       |       |       |       |       |       |       |       |     8 ||     8
         Summon Forest     |       |       |       |       |       |       |       |       |     5 ||     5
         Monstrous Menager |       |       |       |       |       |       |       |       |     4 ||     4
         Summon Hydra      |       |       |       |       |       |       |       |       |     3 ||     3
 Invoke: Wall of Briars    |       |       |       |     4 |    15 |     4 |     9 |    21 |    24 ||    77
         Grow Ballistomyce |       |       |       |     2 |     1 |     2 |     2 |     1 |    20 ||    28
         Overgrow          |       |       |       |       |     1 |     3 |       |     1 |     5 ||    10
         Grow Oklob        |       |       |       |       |       |       |       |     4 |     3 ||     7
Ability: Hop               |       |     4 |     4 |     4 |    15 |     6 |     6 |    12 |    31 ||    82
         Evoke Blink       |       |       |       |       |     4 |     4 |     9 |     8 |    33 ||    58
  Evoke: Wand              |       |     2 |     2 |     2 |     1 |       |       |     1 |     2 ||    10
         Piece from Xom's  |       |       |       |       |     1 |       |       |       |     1 ||     2
         Lightning rod     |       |       |       |       |       |       |     4 |       |     8 ||    12
         Tin of tremorston |       |       |       |       |       |       |       |     2 |    10 ||    12
         Box of beasts     |       |       |       |       |       |       |       |     1 |     4 ||     5
         Phantom mirror    |       |       |       |       |       |       |       |       |     2 ||     2
         Condenser vane    |       |       |       |       |       |       |       |       |     4 ||     4
         Horn of Geryon    |       |       |       |       |       |       |       |       |     2 ||     2
    Use: Potion            |       |     2 |     1 |       |       |       |     1 |     1 |    53 ||    58
         Scroll            |       |     3 |     6 |     4 |    15 |     5 |     8 |     5 |    43 ||    89
   Stab: Paralysed         |       |       |       |     7 |       |       |       |       |       ||     7
 Armour: Leather armour    |     5 |       |    28 |    94 |    90 |       |       |       |       ||   217
         Ring mail         |     2 |     7 |    40 |       |       |       |       |       |       ||    49
         Ice dragon scales |       |       |       |       |   341 |       |       |       |       ||   341
         Troll leather arm |       |       |       |       |   233 |   494 |   421 |   380 |  1027 ||  2555
         Skin              |       |       |       |       |     4 |       |       |       |    92 ||    96
  Dodge: Dodged            |    17 |    18 |   110 |   164 |   715 |   708 |   918 |  1013 |  4611 ||  8274
  Block: Other             |       |     2 |    50 |    39 |       |       |       |       |   272 ||   363
         Reflection        |       |       |     1 |     2 |       |       |       |       |       ||     3

Table legend: (Time is in decaauts)
 A = Elapsed time spent in this place.
 B = Non-inter-level travel time spent in this place.
 C = Inter-level travel time spent in this place.
 D = Time resting spent in this place.
 E = Time spent auto-exploring this place.
 F = Levels seen in this place.
 G = Mean time per level.
                   A        B        C        D        E       F      G
               +--------+--------+--------+--------+--------+-----+--------+
         Total | 101366 |  87381 |  13985 |  26594 |  38627 |  81 | 1251.4 |
       Dungeon |  23090 |  17705 |   5385 |   3868 |  10490 |  15 | 1539.3 |
        Temple |    156 |    151 |      5 |      0 |    136 |   1 |  156.0 |
          Lair |   8427 |   7065 |   1362 |   1826 |   3752 |   5 | 1685.4 |
         Swamp |   2699 |   2530 |    169 |    387 |   1380 |   4 |  674.8 |
     Snake Pit |   5039 |   4749 |    290 |    983 |   2458 |   4 | 1259.8 |
    Slime Pits |   4568 |   4368 |    200 |   1656 |   1757 |   5 |  913.6 |
  Orcish Mines |   1271 |   1033 |    238 |     27 |    702 |   2 |  635.5 |
   Elven Halls |   6743 |   5599 |   1144 |   1702 |   2529 |   3 | 2247.7 |
        Vaults |  10075 |   8442 |   1633 |   1345 |   4677 |   5 | 2015.0 |
         Crypt |   6487 |   5968 |    519 |   2565 |   2156 |   3 | 2162.3 |
        Depths |   8268 |   6890 |   1378 |   1526 |   3681 |   4 | 2067.0 |
          Hell |    665 |    665 |      0 |     39 |    324 |   1 |  665.0 |
           Zot |  12567 |  10912 |   1655 |   5184 |   3442 |   5 | 2513.4 |
         Abyss |    796 |    796 |      0 |    210 |      0 |   4 |  199.0 |
      Ziggurat |   3867 |   3867 |      0 |   1982 |     82 |  16 |  241.7 |
        Bailey |   2025 |   2025 |      0 |   1390 |    153 |   1 | 2025.0 |
      Ice Cave |   1644 |   1644 |      0 |    559 |    401 |   1 | 1644.0 |
    Desolation |   2003 |   2003 |      0 |   1014 |    309 |   1 | 2003.0 |
      Gauntlet |    968 |    968 |      0 |    326 |    191 |   1 |  968.0 |
               +--------+--------+--------+--------+--------+-----+--------+

Top non-repeatable levels by time:
   Zot:5: 3810 daAuts
Depths:3: 3213 daAuts
   Zot:1: 2987 daAuts
Vaults:5: 2947 daAuts
   Elf:2: 2928 daAuts
 Crypt:3: 2686 daAuts
 Crypt:2: 2672 daAuts
     D:5: 2609 daAuts
   Zot:4: 2554 daAuts
   Elf:3: 2264 daAuts
Vaults:4: 2199 daAuts
  Lair:5: 2165 daAuts
    D:15: 2109 daAuts
  Bailey: 2025 daAuts
Desolation: 2003 daAuts
